 Dungeon Crawl Stone Soup version 0.32-a0-42-ga30500b4d3 (webtiles) character file.

Game seed: 14435876694081646984

58 pokeman the Magician (level 3, -1/20 HPs)
             Began as a Deep Elf Hedge Wizard on Feb 1, 2024.
             Slain by a gnoll
             ... wielding a +0 halberd
              (5 damage)
             ... on level 2 of the Dungeon.
             The game lasted 00:03:56 (2129 turns).

pokeman the Magician (Deep Elf Hedge Wizard)        Turns: 2129, Time: 00:03:57

Health: -1/20      AC:  3    Str:  7    XL:     3   Next: 76%
Magic:  3/11       EV: 12    Int: 20    God:
Gold:   112        SH:  0    Dex: 14    Spells: 4/12 levels left

rFire   . . .        a - +0 dagger
rCold   . . .        (no shield)
rNeg    . . .        b - +0 robe
rPois   .            l - +0 helmet
rElec   .            (no cloak)
rCorr   .            (no gloves)
SInv    .            (no boots)
Will    .....        (no amulet)
Stlth   ++           (no ring)
HPRegen 0.23/turn    (no ring)
MPRegen 0.12/turn

%: no passive effects
@: very slightly contaminated
A: no striking features
a: no special abilities


You were on level 2 of the Dungeon.
You visited 1 branch of the dungeon, and saw 2 of its levels.

You collected 112 gold pieces.

Inventory:

Hand Weapons
 a - a +0 dagger (weapon)
Armour
 b - a +0 robe (worn)
 l - a +0 helmet (worn)
Scrolls
 c - a scroll of enchant armour {unknown}
 f - a scroll of enchant weapon {unknown}
 g - 2 scrolls of fear {unknown}
 h - 2 scrolls of amnesia {unknown}
 j - a scroll of acquirement {unknown}
 k - a scroll of poison {unknown}
 n - a scroll of silence {unknown}
 p - a scroll of identify {unknown}
 q - a scroll of teleportation {unknown}
Potions
 d - a potion of magic
 e - a potion of mutation {unknown}
 i - 2 potions of ambrosia {unknown}
 m - a potion of cancellation {unknown}
 o - a potion of haste {unknown}


   Skills:
 - Level 1.0 Fighting
 - Level 1.0 Armour
 + Level 2.5 Dodging
 + Level 2.5 Stealth
 * Level 5.3 Spellcasting
 + Level 2.0 Conjurations
 - Level 1.1 Summonings
 - Level 1.1 Translocations


You had 4 spell levels left.
You knew the following spells:

 Your Spells              Type           Power      Damage    Failure   Level
a - Magic Dart            Conj           52%        1d5       4%          1
b - Mephitic Cloud        Conj/Alch/Air  8%         N/A       26%         3
c - Call Imp              Summ           18%        N/A       11%         2
d - Blink                 Tloc           18%        N/A       11%         2

Your spell library contained the following spells:

 Spells                   Type           Power      Damage    Failure   Level
 Slow                     Hex            20%        N/A       11%         1
 Cigotuvi's Dreadful Rot  Necr/Alch/Air  10%        N/A       17%         2
 Ensorcelled Hibernation  Hex/Ice        10%        N/A       17%         2
 Hailstorm                Conj/Ice       9%         3d6       22%         3
 Fugue of the Fallen      Necr           5%         N/A       32%         3
 Anguish                  Hex/Necr       2%         N/A       73%         4
 Ignite Poison            Fire/Alch      5%         N/A       73%         4
 Freezing Cloud           Conj/Ice/Air   4%         6-21      93%         5


Dungeon Overview and Level Annotations

Branches:
Dungeon (2/15)

Altars:
Wu Jian

Shops:
D:1 :!!((   D:2 *

Annotations:
D:2 1 runed translucent door, Crazy Yiuf


Message History

The gnoll closely misses you.
You hit the gnoll.
The gnoll is moderately wounded.
The gnoll barely misses you.
You catch the helpless gnoll completely off-guard!
You puncture the gnoll!
You kill the gnoll!
Your Conjurations skill increases to level 2!
Things that are here:
a +0 flail; a gnoll corpse
Items here: )) ††.
A gnoll comes into view. It is wielding a +0 halberd.
What are your orders? t - Shout!
Orders for allies: a - Attack new target. r - Retreat! s - Stop attacking. g - Guard the area. f - Follow me.
Anything else - Cancel.
You shout for attention!
You hear a shout!
Casting: Mephitic Cloud (extremely dangerous; 26% risk of failure)
Confirm with . or Enter, or press ? or * to list all spells.
Aiming: Mephitic Cloud (extremely dangerous; 26% risk of failure)
Press: ? - help, Shift-Dir - straight line, f - gnoll
Aim: a gnoll, wielding a +0 halberd (chance to affect: 91%)
You miscast Mephitic Cloud.
You are very lightly contaminated with residual magic.
You are blasted with air!
Unknown command.
Casting: Mephitic Cloud (extremely dangerous; 26% risk of failure)
Confirm with . or Enter, or press ? or * to list all spells.
Aiming: Mephitic Cloud (extremely dangerous; 26% risk of failure)
Press: ? - help, Shift-Dir - straight line, f/p - gnoll
Aim: a gnoll, wielding a +0 halberd (chance to affect: 91%)
You miscast Mephitic Cloud.
Nothing appears to happen.
The gnoll hits you from afar with a +0 halberd!
* * * LOW HITPOINT WARNING * * *
Unknown command.
The gnoll attacks as it pursues you!
The gnoll hits you from afar with a +0 halberd.
You die...

[..####..##......#
...#.....##......#####
.#......∩............#
.#...###....####.###.#
+#...# #..### #.# #.#
.....# #..######.# #.#
....## ##......#.# #.#
....# ##.....#.# #.#
...<### #.....#@# #.#
..(...####.....#)# #.#
#####..........#g#
#.#####♣♣ #####......#.#
#.##.+..♣♣ ♣♣ #........#.#
#........♣♣♣♣. #........#)#
#.##......♣..♣
#........#.###+##.+...♣.♣♣♣
#....>...#.##.....##♣♣♣♣♣
########...##.....#


You could see a gnoll.

Vanquished Creatures
  3 gnolls (D:2)
  An adder (D:2)
  2 dart slugs (D:1)
  2 endoplasms
  A goblin (D:2)
  A hobgoblin (D:2)
  2 kobolds (D:2)
  2 quokkas (D:1)
  2 bats
  A rat (D:2)
17 creatures vanquished.

Notes
Turn   | Place    | Note
-------+----------+-------------------------------------------
     0 | D:1      | pokeman the Deep Elf Hedge Wizard began the quest for the
                  | Orb.
     0 | D:1      | Reached XP level 1. HP: 10/10 MP: 7/7
    98 | D:1      | Found Vucuved's Distillery.
   399 | D:1      | Found Fofemmam's Book Shop.
   433 | D:1      | Found Fyziaf's Distillery.
   557 | D:1      | Reached XP level 2. HP: 16/16 MP: 5/9
   664 | D:1      | Found Toaluabe's Weapon Boutique.
   736 | D:1      | Found Jozxen's Weapon Shop.
  1396 | D:2      | Found Fylalox's General Store.
  1467 | D:2      | Found a runed translucent door.
  1468 | D:2      | Noticed Crazy Yiuf
  1639 | D:2      | Found an ornate altar of the Wu Jian Council.
  1713 | D:2      | Got the Writings on Glaciation and Esoterica
  1808 | D:2      | Reached skill level 5 in Spellcasting
  1937 | D:2      | Reached XP level 3. HP: 19/20 MP: 9/11
  1941 | D:2      | Learned a level 3 spell: Mephitic Cloud
  1944 | D:2      | Learned a level 2 spell: Call Imp
  1947 | D:2      | Learned a level 2 spell: Blink
  2066 | D:2      | Reached skill level 1 in Fighting
  2066 | D:2      | Reached skill level 1 in Armour
  2129 | D:2      | Slain by a gnoll

Illustrated notes

Levels and vault maps discovered:
D:1:      zelgadis_glass_arrival_large, layout_loops_corners, serial_shops,
          shop, shop, nicolae_shop_hallway_stairs, nicolae_shop_tiny_waterfront,
          shop
D:2:      layout_basic, basic_altar, serial_shops, nicolae_square_shop,
          uniq_crazy_yiuf_cottage

Skill      XL: |  1  2  3 |
---------------+----------+-----
Spellcasting   | 5 |  5.3
Fighting       | 1 |  1.0
Armour         | 1 |  1.0
Conjurations   | 2 |  2.0
Dodging        | |  2.5
Stealth        | |  2.5
Summonings     | |  1.1
Translocations | |  1.1

Action                     || total
---------------------------++-------
  Melee: Dagger            ||    12
         Punch             ||     1
   Cast: Magic Dart        ||    49
         Mephitic Cloud    ||     2
         Call Imp          ||     1
   Stab: Confused          ||     1
 Armour: Robe              ||    14
  Dodge: Dodged            ||    16

Table legend: (Time is in decaauts)
 A = Elapsed time spent in this place.
 B = Non-inter-level travel time spent in this place.
 C = Inter-level travel time spent in this place.
 D = Time resting spent in this place.
 E = Time spent auto-exploring this place.
 F = Levels seen in this place.
 G = Mean time per level.
                   A        B        C        D        E       F      G
               +--------+--------+--------+--------+--------+-----+--------+
         Total |   2128 |   1925 |    203 |     81 |   1502 |   2 | 1064.0 |
       Dungeon |   2128 |   1925 |    203 |     81 |   1502 |   2 | 1064.0 |
               +--------+--------+--------+--------+--------+-----+--------+

Top non-repeatable levels by time:
     D:1: 1198 daAuts
     D:2: 930 daAuts
